TOP OF THE 1ST |
Houston Hammertime batting - Pitching for Albuquerque Isotopes : LHP Sean Perry
|
Pitching: LHP Sean Perry
|
|
Batting: LHB Jeffrey Satterley
|
0-0: Foul Ball, location: 2F 0-1: Swinging Strike 0-2: Foul Ball, location: 2F 0-2: Ball 1-2: Foul Ball, location: 2F 1-2: Ground out 5-3 (Groundball, 56)
|
Batting: RHB Santo Cruz
|
0-0: Ball 1-0: Ball 2-0: Ball 3-0: Called Strike 3-1: Foul Ball, location: 2F 3-2: Ground out 6-3 (Groundball, 6)
|
Batting: LHB Francisco Cardenas
|
0-0: Fly out, F7 (Line Drive, 78D)
|
Top of the 1st over - 0 runs, 0 hits, 0 errors, 0 left on base; Houston 0 - Albuquerque 0 |
BOTTOM OF THE 1ST |
Albuquerque Isotopes batting - Pitching for Houston Hammertime : RHP Jun Kawashima
|
Pitching: RHP Jun Kawashima
|
|
Batting: RHB Javier Peña
|
0-0: Called Strike 0-1: Ball 1-1: Called Strike 1-2: Ball 2-2: DOUBLE (Flyball, 89D)
|
Batting: LHB Wally Harris
|
0-0: Ball 1-0: Called Strike 1-1: Swinging Strike 1-2: Strikes out swinging
|
Batting: LHB Denny Poole
|
0-0: Swinging Strike 0-1: Ground out 4-3 (Groundball, 4M) Javier Peña to third
|
Batting: RHB Luis Ortega
|
0-0: Called Strike 0-1: Called Strike 0-2: Ball 1-2: Foul Ball, location: 2F 1-2: Foul Ball, location: 2F 1-2: Foul Ball, location: 2F 1-2: Strikes out swinging
|
Bottom of the 1st over - 0 runs, 1 hit, 0 errors, 1 left on base; Houston 0 - Albuquerque 0 |
TOP OF THE 2ND |
Houston Hammertime batting - Pitching for Albuquerque Isotopes : LHP Sean Perry
|
Batting: RHB Carlos García
|
0-0: Called Strike 0-1: Foul Ball, location: 2F 0-2: Ground out 5-3 (Groundball, 5L)
|
Batting: LHB Marcos Cantú
|
0-0: Ball 1-0: Called Strike 1-1: Foul Ball, location: 2F 1-2: Ball 2-2: Foul Ball, location: 2F 2-2: Ball 3-2: Foul Ball, location: 2F 3-2: Fly out, F9 (Line Drive, 9)
|
Batting: RHB Raúl Salas
|
0-0: Ball 1-0: Ball 2-0: Ball 3-0: Called Strike 3-1: Base on Balls
|
Batting: SHB Glenn Vadnais
|
0-0: Ball 1-0: SINGLE (Line Drive, 34) Raúl Salas to second
|
Batting: RHB Juan Carlos
|
0-0: Called Strike 0-1: Ball 1-1: Ball 2-1: Fly out, F9 (Flyball, 9S)
|
Top of the 2nd over - 0 runs, 1 hit, 0 errors, 2 left on base; Houston 0 - Albuquerque 0 |
BOTTOM OF THE 2ND |
Albuquerque Isotopes batting - Pitching for Houston Hammertime : RHP Jun Kawashima
|
Batting: SHB Thomas Simmons
|
0-0: Ball 1-0: Called Strike 1-1: Ground out 6-3 (Groundball, 6)
|
Batting: LHB Jorge Luna
|
0-0: Ground out 4-3 (Groundball, 4)
|
Batting: RHB Diego Benítez
|
0-0: Ball 1-0: Ball 2-0: Ball 3-0: Called Strike 3-1: Foul Ball, location: 2F 3-2: Base on Balls
|
Batting: RHB Martín López
|
0-0: Called Strike 0-1: Fielders Choice at 2nd, 6-4 (Groundball, 6)
|
Bottom of the 2nd over - 0 runs, 0 hits, 0 errors, 1 left on base; Houston 0 - Albuquerque 0 |
TOP OF THE 3RD |
Houston Hammertime batting - Pitching for Albuquerque Isotopes : LHP Sean Perry
|
Batting: LHB David Adams
|
0-0: Ground out 5-3 (Groundball, 56)
|
Batting: LHB Jeffrey Satterley
|
0-0: Ball 1-0: Ball 2-0: Fly out, F7 (Flyball, 78S)
|
Batting: RHB Santo Cruz
|
0-0: Ball 1-0: Ball 2-0: Fly out, F6 (Popup, 6D)
|
Top of the 3rd over - 0 runs, 0 hits, 0 errors, 0 left on base; Houston 0 - Albuquerque 0 |
BOTTOM OF THE 3RD |
Albuquerque Isotopes batting - Pitching for Houston Hammertime : RHP Jun Kawashima
|
Batting: RHB Daniel Martínez
|
0-0: Called Strike 0-1: Ball 1-1: Ball 2-1: Ground out 6-3 (Groundball, 6)
|
Batting: RHB Javier Peña
|
0-0: Swinging Strike 0-1: Ground out 4-3 (Groundball, 4S)
|
Batting: LHB Wally Harris
|
0-0: Ball 1-0: Ball 2-0: Ground out 4-3 (Groundball, 4)
|
Bottom of the 3rd over - 0 runs, 0 hits, 0 errors, 0 left on base; Houston 0 - Albuquerque 0 |
TOP OF THE 4TH |
Houston Hammertime batting - Pitching for Albuquerque Isotopes : LHP Sean Perry
|
Batting: LHB Francisco Cardenas
|
0-0: Ball 1-0: Ball 2-0: Swinging Strike 2-1: Foul Ball, location: 2F 2-2: SINGLE (Groundball, 6MD)
|
Batting: RHB Carlos García
|
0-0: Ball 1-0: Ball 2-0: Ball 3-0: Called Strike 3-1: Foul Ball, location: 2F 3-2: Base on Balls Francisco Cardenas to second
|
Batting: LHB Marcos Cantú
|
0-0: Ball 1-0: Fly out, F7 (Line Drive, 7D) Runner from 2nd tags up, SAFE at 3rd, no throw
|
Batting: RHB Raúl Salas
|
0-0: Foul Ball, location: 2F 0-1: Ball 1-1: Foul Ball, location: 2F 1-2: Ground out 5-3 (Groundball, 56S) Francisco Cardenas scores Carlos García to second
|
Batting: SHB Glenn Vadnais
|
0-0: Called Strike 0-1: Foul Ball, location: 2F 0-2: Fly out, F8 (Flyball, 78M)
|
Top of the 4th over - 1 run, 1 hit, 0 errors, 1 left on base; Houston 1 - Albuquerque 0 |
BOTTOM OF THE 4TH |
Albuquerque Isotopes batting - Pitching for Houston Hammertime : RHP Jun Kawashima
|
Batting: LHB Denny Poole
|
0-0: Ball 1-0: Foul Ball, location: 2F 1-1: Ball 2-1: Foul Ball, location: 2F 2-2: Strikes out swinging
|
Batting: RHB Luis Ortega
|
0-0: Called Strike 0-1: Swinging Strike 0-2: Ball 1-2: Hit by Pitch
|
Batting: SHB Thomas Simmons
|
0-0: Foul Ball, location: 2F 0-1: Called Strike 0-2: Ball 1-2: Ball 2-2: Foul Ball, location: 2F 2-2: Strikes out swinging
|
Batting: LHB Jorge Luna
|
0-0: Ball 1-0: Foul Ball, location: 2F 1-1: SINGLE (Line Drive, 89M) Luis Ortega to second
|
Batting: RHB Diego Benítez
|
0-0: Called Strike 0-1: Ball 1-1: Foul Ball, location: 2F 1-2: Foul Ball, location: 2F 1-2: Ball 2-2: Strikes out swinging
|
Bottom of the 4th over - 0 runs, 1 hit, 0 errors, 2 left on base; Houston 1 - Albuquerque 0 |
TOP OF THE 5TH |
Houston Hammertime batting - Pitching for Albuquerque Isotopes : LHP Sean Perry
|
Batting: RHB Juan Carlos
|
0-0: Called Strike 0-1: Ball 1-1: Ground out 6-3 (Groundball, 6)
|
Batting: LHB David Adams
|
0-0: Ball 1-0: Ball 2-0: Ball 3-0: Called Strike 3-1: Base on Balls
|
Batting: LHB Jeffrey Satterley
|
0-0: Foul Ball, location: 2F 0-1: Ball 1-1: Ball 2-1: Ball 3-1: Swinging Strike 3-2: SINGLE (Flyball, 89S) David Adams to second David Adams to third
|
Batting: RHB Santo Cruz
|
0-0: Ball 1-0: Called Strike 1-1: SINGLE (Line Drive, 56D) David Adams scores Jeffrey Satterley to second
|
Batting: LHB Francisco Cardenas
|
0-0: Called Strike 0-1: Foul Ball, location: 2F 0-2: Foul Ball, location: 2F 0-2: Ball 1-2: Strikes out swinging
|
Batting: RHB Carlos García
|
0-0: Called Strike 0-1: Ball 1-1: Ball 2-1: 3-RUN HOME RUN (Flyball, 7D), Distance : 374 ft
|
Batting: LHB Marcos Cantú
|
0-0: Ball 1-0: Ball 2-0: Ground out 4-3 (Groundball, 4)
|
Top of the 5th over - 4 runs, 3 hits, 0 errors, 0 left on base; Houston 5 - Albuquerque 0 |
BOTTOM OF THE 5TH |
Albuquerque Isotopes batting - Pitching for Houston Hammertime : RHP Jun Kawashima
|
Batting: RHB Martín López
|
0-0: Ball 1-0: Ball 2-0: Ground out 4-3 (Groundball, 4)
|
Batting: RHB Daniel Martínez
|
0-0: Ball 1-0: Swinging Strike 1-1: Called Strike 1-2: Foul Ball, location: 2F 1-2: Ball 2-2: Foul Ball, location: 2F 2-2: Ground out 3-1 (Groundball, 34)
|
Batting: RHB Javier Peña
|
0-0: Called Strike 0-1: Called Strike 0-2: Foul Ball, location: 2F 0-2: Ball 1-2: Ball 2-2: Ball 3-2: Strikes out swinging
|
Bottom of the 5th over - 0 runs, 0 hits, 0 errors, 0 left on base; Houston 5 - Albuquerque 0 |
TOP OF THE 6TH |
Houston Hammertime batting - Pitching for Albuquerque Isotopes : LHP Sean Perry
|
Batting: RHB Raúl Salas
|
0-0: Ball 1-0: SINGLE (Groundball, 56D)
|
Pitching: RHP Esteban Garza
|
|
Batting: SHB Glenn Vadnais
|
0-0: Foul Ball, location: 2F 0-1: Ball 1-1: Ball 2-1: Foul Ball, location: 2F 2-2: Foul Ball, location: 2F 2-2: Foul Ball, location: 2F 2-2: DOUBLE (Line Drive, 7LD) Raúl Salas to third
|
Batting: RHB Juan Carlos
|
0-0: Ball 1-0: Called Strike 1-1: Ball 2-1: Foul Ball, location: 2F 2-2: Foul Ball, location: 2F 2-2: Ball 3-2: Ground out U3 (Groundball, 3S)
|
Batting: LHB David Adams
|
0-0: Ball 1-0: Fly out, F8 (Flyball, 8LD) Runner from 3rd tags up, SCORES, throw made
|
Batting: LHB Jeffrey Satterley
|
0-0: Foul Ball, location: 2F 0-1: Ball 1-1: Fly out, F6 (Popup, P)
|
Top of the 6th over - 1 run, 2 hits, 0 errors, 1 left on base; Houston 6 - Albuquerque 0 |
BOTTOM OF THE 6TH |
Albuquerque Isotopes batting - Pitching for Houston Hammertime : RHP Jun Kawashima
|
Batting: LHB Wally Harris
|
0-0: Ball 1-0: Called Strike 1-1: Fly out, F8 (Line Drive, 8LS)
|
Batting: LHB Denny Poole
|
0-0: Called Strike 0-1: Ball 1-1: Ball 2-1: Called Strike 2-2: SINGLE (Line Drive, 34)
|
Batting: RHB Luis Ortega
|
0-0: Foul Ball, location: 2F 0-1: Ball Passed Ball! Denny Poole to second 1-1: Ball 2-1: Ball 3-1: Ground out U3 (Groundball, 3) Denny Poole to third
|
Batting: SHB Thomas Simmons
|
0-0: Called Strike 0-1: Ball 1-1: Ball 2-1: Foul Ball, location: 2F 2-2: Ball 3-2: Base on Balls
|
Batting: LHB Jorge Luna
|
0-0: Ball 1-0: Ball 2-0: Ball 3-0: Called Strike 3-1: Foul Ball, location: 2F 3-2: Base on Balls Thomas Simmons to second
|
Pitching: LHP Javier Galeas
|
|
Batting: RHB Diego Benítez
|
0-0: Called Strike 0-1: Called Strike 0-2: Ball 1-2: Strikes out swinging
|
Bottom of the 6th over - 0 runs, 1 hit, 0 errors, 3 left on base; Houston 6 - Albuquerque 0 |
TOP OF THE 7TH |
Houston Hammertime batting - Pitching for Albuquerque Isotopes : RHP Esteban Garza
|
Batting: RHB Santo Cruz
|
0-0: Called Strike 0-1: Swinging Strike 0-2: Ball 1-2: Strikes out looking
|
Batting: LHB Francisco Cardenas
|
0-0: Ball 1-0: Called Strike 1-1: Foul Ball, location: 2F 1-2: Strikes out swinging
|
Batting: RHB Carlos García
|
0-0: SINGLE (Line Drive, 34)
|
Batting: LHB Marcos Cantú
|
0-0: Foul Ball, location: 2F 0-1: Called Strike 0-2: Foul Ball, location: 2F 0-2: Ball 1-2: Strikes out swinging
|
Top of the 7th over - 0 runs, 1 hit, 0 errors, 1 left on base; Houston 6 - Albuquerque 0 |
BOTTOM OF THE 7TH |
Albuquerque Isotopes batting - Pitching for Houston Hammertime : LHP Javier Galeas
|
Batting: RHB Martín López
|
0-0: Ball 1-0: Ball 2-0: Ball 3-0: Base on Balls
|
Batting: RHB Daniel Martínez
|
0-0: Fly out, F8 (Flyball, 8LD)
|
Batting: RHB Javier Peña
|
0-0: Ball 1-0: Grounds into double play, 5-4-3 (Groundball, 56)
|
Bottom of the 7th over - 0 runs, 0 hits, 0 errors, 0 left on base; Houston 6 - Albuquerque 0 |
TOP OF THE 8TH |
Houston Hammertime batting - Pitching for Albuquerque Isotopes : RHP Esteban Garza
|
Batting: RHB Raúl Salas
|
0-0: Foul Ball, location: 2F 0-1: Ball 1-1: Ball 2-1: Foul Ball, location: 2F 2-2: Fly out, F7 (Flyball, 7S)
|
Batting: SHB Glenn Vadnais
|
0-0: Swinging Strike 0-1: Reached on error, E3 (Groundball, 34)
|
Batting: RHB Juan Carlos
|
0-0: Called Strike 0-1: Ball 1-1: Ball 2-1: Foul Ball, location: 2F 2-2: Grounds into double play, 4-6-3 (Groundball, 4)
|
Top of the 8th over - 0 runs, 0 hits, 1 error, 0 left on base; Houston 6 - Albuquerque 0 |
BOTTOM OF THE 8TH |
Albuquerque Isotopes batting - Pitching for Houston Hammertime : LHP Javier Galeas
|
Now at 1B: José García
|
|
Batting: LHB Wally Harris
|
0-0: Ball 1-0: Called Strike 1-1: Ball 2-1: Ball 3-1: SINGLE (Groundball, 6MD)
|
Batting: LHB Denny Poole
|
0-0: Swinging Strike 0-1: Ball Wild Pitch! Wally Harris to second 1-1: Swinging Strike 1-2: Foul Ball, location: 2F 1-2: Strikes out swinging
|
Batting: RHB Luis Ortega
|
0-0: Ball 1-0: Ball 2-0: Ball 3-0: Base on Balls
|
Batting: SHB Thomas Simmons
|
0-0: Ball 1-0: Called Strike 1-1: Ball 2-1: Foul Ball, location: 2F 2-2: Foul Ball, location: 2F 2-2: Ball 3-2: SINGLE (Groundball, 3S) (infield hit) Wally Harris to third Luis Ortega to second
|
Batting: LHB Jorge Luna
|
0-0: Ball 1-0: Called Strike 1-1: Fielders Choice at 2nd, 3-6 (Groundball, 3) Wally Harris scores Luis Ortega to third
|
Batting: RHB Diego Benítez
|
0-0: Ground out 6-3 (Groundball, 6S)
|
Bottom of the 8th over - 1 run, 2 hits, 0 errors, 2 left on base; Houston 6 - Albuquerque 1 |
TOP OF THE 9TH |
Houston Hammertime batting - Pitching for Albuquerque Isotopes : RHP Esteban Garza
|
Batting: LHB David Adams
|
0-0: Ball 1-0: Called Strike 1-1: Foul Ball, location: 2F 1-2: Hit by Pitch
|
Pitching: RHP António Córdova
|
|
Batting: LHB Jeffrey Satterley
|
0-0: Swinging Strike 0-1: Called Strike 0-2: Strikes out looking
|
Batting: RHB Santo Cruz
|
0-0: Called Strike Throwing error on steal attempt, E2 David Adams to third 0-1: Ball 1-1: Foul Ball, location: 2F 1-2: Foul Ball, location: 2F 1-2: SINGLE (Line Drive, 6M) David Adams scores
|
Batting: LHB Francisco Cardenas
|
0-0: Ball 1-0: SINGLE (Groundball, 6MD) Santo Cruz to second
|
Batting: RHB Carlos García
|
0-0: Ball 1-0: Called Strike 1-1: Ball Wild Pitch! Santo Cruz to third Francisco Cardenas to second 2-1: Foul Ball, location: 2F 2-2: SINGLE (Line Drive, 9LM) Santo Cruz scores Francisco Cardenas to third
|
Batting: RHB José García
|
0-0: Ball Carlos García is caught stealing 2nd base 1-0: Foul Ball, location: 2F 1-1: Ball 2-1: Foul Ball, location: 2F 2-2: Ground out 6-3 (Groundball, 6)
|
Top of the 9th over - 2 runs, 3 hits, 1 error, 1 left on base; Houston 8 - Albuquerque 1 |
BOTTOM OF THE 9TH |
Albuquerque Isotopes batting - Pitching for Houston Hammertime : LHP Javier Galeas
|
Batting: RHB Martín López
|
0-0: Called Strike 0-1: Foul Ball, location: 2F 0-2: Ball 1-2: SINGLE (Line Drive, 7S)
|
Batting: RHB Daniel Martínez
|
0-0: Called Strike 0-1: Foul Ball, location: 2F 0-2: Foul Ball, location: 2F 0-2: SINGLE (Line Drive, 7LS) Martín López to second
|
Batting: RHB Javier Peña
|
0-0: Ball 1-0: Ball 2-0: Ball 3-0: Base on Balls Martín López to third Daniel Martínez to second
|
Batting: LHB Wally Harris
|
0-0: Ball 1-0: Swinging Strike 1-1: Fielders Choice at 2nd, 4-6 (Groundball, 4) Martín López scores Daniel Martínez to third
|
Batting: LHB Denny Poole
|
0-0: Called Strike 0-1: Ball 1-1: Ball 2-1: Swinging Strike 2-2: 3-RUN HOME RUN (Flyball, 9D), Distance : 364 ft
|
Batting: RHB Luis Ortega
|
0-0: Called Strike 0-1: Foul Ball, location: 2F 0-2: Ball 1-2: Ball 2-2: Fly out, F8 (Line Drive, 8LD)
|
Batting: SHB Thomas Simmons
|
0-0: Called Strike 0-1: Foul Ball, location: 2F 0-2: Ball 1-2: Foul Ball, location: 2F 1-2: Ball 2-2: Ball 3-2: Base on Balls
|
Batting: LHB Jorge Luna
|
0-0: Swinging Strike 0-1: Foul Ball, location: 2F 0-2: Ball 1-2: Foul Ball, location: 2F 1-2: Foul Ball, location: 2F 1-2: Ball 2-2: Ball 3-2: Foul Ball, location: 2F 3-2: Ground out 6-3 (Groundball, 6M)
|
Bottom of the 9th over - 4 runs, 3 hits, 0 errors, 1 left on base; Houston 8 - Albuquerque 5 |
|